 Dungeon Crawl Stone Soup version 0.32-a0-560-g4c7f4391e0 (webtiles) character file.

Game seed: 2327038429393278961

360 Dittersdorf the Trooper (level 6, -7/40 HPs)
             Began as a Gargoyle Fighter on Feb 29, 2024.
             Mangled by Duvessa
             ... wielding a +0 rapier
              (16 damage)
             ... on level 4 of the Dungeon.
             The game lasted 00:02:08 (3523 turns).

Dittersdorf the Trooper (Gargoyle Fighter)          Turns: 3523, Time: 00:02:09

Health: -7/40      AC: 15    Str: 22    XL:     6   Next: 65%
Magic:  6/6        EV:  8    Int:  8    God:
Gold:   144        SH:  4    Dex:  9    Spells: 5/5 levels left

rFire   . . .        a - +0 flail
rCold   . . .        c - +0 buckler
rNeg    + . .        m - +0 chain mail
rPois   ∞            (no helmet)
rElec   +            (no cloak)
rCorr   .            i - +0 pair of gloves
SInv    .            (no boots)
Will    .....        j - amulet of faith Stlth
                     (no ring)
HPRegen 0.26/turn    (no ring)
MPRegen 0.10/turn

%: faith
@: no status effects
A: sickness immunity, AC +4, negative energy resistance 1, electricity
resistance, torment resistance 1, petrification resistance
a: no special abilities


You were on level 4 of the Dungeon.
You visited 1 branch of the dungeon, and saw 4 of its levels.

You collected 144 gold pieces.

Inventory:

Hand Weapons
 a - a +0 flail (weapon)
Armour
 c - a +0 buckler (worn)
 i - a +0 pair of gloves (worn)
 m - a +0 chain mail (worn)
Jewellery
 j - an amulet of faith (around neck)
Wands
 l - a wand of roots (8)
Scrolls
 e - 2 scrolls of poison {unknown}
 f - a scroll of immolation {unknown}
 g - 2 scrolls of identify {unknown}
 h - 2 scrolls of teleportation {unknown}
 k - 2 scrolls of enchant weapon {unknown}
 p - a scroll of acquirement {unknown}
Potions
 b - a potion of curing {unknown}
 d - 2 potions of might
 n - a potion of cancellation {unknown}
 o - a potion of resistance {unknown}
 r - 2 potions of lignification {unknown}
 s - 2 potions of berserk rage {unknown}


   Skills:
 + Level 4.9 Fighting
 + Level 3.7 Maces & Flails
 + Level 4.8 Armour
 + Level 4.8 Shields


You had 5 spell levels left.
You didn't know any spells.
Your spell library contained the following spells:

 Spells                   Type           Power      Damage    Failure   Level
 Sandblast                Erth           0%         2d4       97%         1
 Passwall                 Erth           0%         N/A       100%        3
 Stone Arrow              Conj/Erth      0%         3d7       100%        3
 Brom's Barrelling Bould  Conj/Erth      0%         2d3       100%        4
 Conjure Ball Lightning   Conj/Air       0%         3x3d6     100%        6
 Discord                  Hex            0%         N/A       100%        8
 Disjunction              Tloc           0%         N/A       100%        8


Dungeon Overview and Level Annotations

Branches:
Dungeon (4/15)
 Temple: D:4-7

Altars:
Ashenzari
Nemelex Xobeh

Shops:
D:1 [

Annotations:
D:4 Duvessa


Innate Abilities, Weirdness & Mutations

You are immune to sickness and miasma.
Your stone body is resilient. (AC +4)
You are immune to poison.
You resist negative energy. (rN+)
You are resistant to electric shocks. (rElec)
You are resistant to unholy torment.
You are immune to petrification.


Message History

Dowan hits you with a +0 dagger.
You hit Dowan.
Dowan is heavily wounded.
Dowan hits you with a +0 dagger.
You sock Dowan!
Dowan is almost dead.
Dowan casts a spell at you. The puff of flame hits you.
You closely miss Dowan.
Dowan is almost dead.
Dowan gestures at you while chanting. You block the puff of flame.
Dowan hits you but does no damage.
You sock Dowan!
You kill Dowan!
Duvessa weeps, and shakes her weapon.
Duvessa goes berserk!
Duvessa closely misses you.
You barely miss Duvessa. You block Duvessa's attack.
Duvessa hits you with a +0 rapier!
* * * LOW HITPOINT WARNING * * *
You are too injured to fight recklessly!
You are too injured to fight recklessly!
You are too injured to fight recklessly!
You are too injured to fight recklessly!
You are too injured to fight recklessly!
You are too injured to fight recklessly!
You are too injured to fight recklessly!
You are too injured to fight recklessly!
You are too injured to fight recklessly!
You are too injured to fight recklessly!
You are too injured to fight recklessly!
You are too injured to fight recklessly!
You are too injured to fight recklessly!
You are too injured to fight recklessly!
You are too injured to fight recklessly!
You are too injured to fight recklessly!
You are too injured to fight recklessly!
You are too injured to fight recklessly!
You are too injured to fight recklessly!
Duvessa hits you with a +0 rapier!
You die...

#.##.###.#
#...)# #.#
####.###.#
#.....#
###.#.# ##.#
#.#.# ..>#
#.#.# ####
#.#.#
#########@#.#
###
#..>..).e.#.#
..#
#.#########.#
#.# #.# #.#
#.## #.# #.#
.†)#####.##
#.#
..........#
#.#
...#####..#
#.# #.## #..#
#.#


You could see Duvessa (berserk, fast).

Vanquished Creatures
  A phantom (D:4)
  A scorpion (D:4)
  Dowan (D:4)
  A jelly (D:4)
  An orc priest (D:4)
  A sleepcap (D:4)
  An orc wizard (D:4)
  A dart slug (D:4)
  A ribbon worm (D:2)
  9 orcs (D:4)
  2 endoplasms
  A giant cockroach (D:1)
  9 goblins
  6 hobgoblins
  6 jackals
  3 quokkas
  4 ball pythons
  4 bats
  2 frilled lizards (D:1)
  5 kobolds
  A rat (D:1)
61 creatures vanquished.

Notes
Turn   | Place    | Note
-------+----------+-------------------------------------------
     0 | D:1      | Dittersdorf the Gargoyle Fighter began the quest for the
                  | Orb.
     0 | D:1      | Reached XP level 1. HP: 14/14 MP: 1/1
   160 | D:1      | Found Kiobluokh's Antique Armour Emporium.
   198 | D:1      | Reached XP level 2. HP: 17/19 MP: 2/2
  1206 | D:2      | Reached XP level 3. HP: 20/24 MP: 3/3
  2335 | D:3      | Found a faded altar of an unknown god.
  2641 | D:3      | Found a broken altar of Ashenzari.
  2711 | D:3      | Found a sparkling altar of Nemelex Xobeh.
  2832 | D:4      | Noticed a phantom
  2861 | D:4      | Killed a phantom
  2862 | D:4      | Reached XP level 4. HP: 18/29 MP: 4/4
  2947 | D:4      | Reached XP level 5. HP: 29/33 MP: 5/5
  3308 | D:4      | Reached XP level 6. HP: 29/39 MP: 6/6
  3511 | D:4      | Noticed Dowan
  3511 | D:4      | Noticed Duvessa
  3520 | D:4      | Killed Dowan
  3523 | D:4      | Mangled by Duvessa

Illustrated notes

Levels and vault maps discovered:
D:1:      kennysheep_arrival_forest, layout_loops_ring, serial_shops, shop,
          minmay_cupped
D:2:      layout_basic
D:3:      layout_basic, nemelex_altar_shiori, general_overflow_altar,
          shapermc_ecumenical_altar_mp_vishouse
D:4:      layout_loops_ring, minmay_crystal_room, uniq_duvessa

Skill      XL: |  1  2  3  4 |
---------------+-------------+-----
Fighting       | 4 |  4.9
Armour         | 4 |  4.8
Shields        | 4 |  4.8
Maces & Flails | 3 |  3.7

Action                     |  1- 3 |  4- 6 || total
---------------------------+-------+-------++-------
  Melee: Flail             |   121 |   107 ||   228
    Use: Scroll            |       |     1 ||     1
 Armour: Scale mail        |    49 |       ||    49
         Chain mail        |    41 |   103 ||   144
  Dodge: Dodged            |    50 |    39 ||    89
  Block: Buckler           |    30 |    29 ||    59

Table legend: (Time is in decaauts)
 A = Elapsed time spent in this place.
 B = Non-inter-level travel time spent in this place.
 C = Inter-level travel time spent in this place.
 D = Time resting spent in this place.
 E = Time spent auto-exploring this place.
 F = Levels seen in this place.
 G = Mean time per level.
                   A        B        C        D        E       F      G
               +--------+--------+--------+--------+--------+-----+--------+
         Total |   3589 |   3381 |    208 |    123 |   2718 |   4 |  897.2 |
       Dungeon |   3589 |   3381 |    208 |    123 |   2718 |   4 |  897.2 |
               +--------+--------+--------+--------+--------+-----+--------+

Top non-repeatable levels by time:
     D:2: 1229 daAuts
     D:1: 953 daAuts
     D:4: 727 daAuts
     D:3: 679 daAuts
